 Dungeon Crawl Stone Soup version 0.30-a0-1160-g6e42c06551 (webtiles) character file.

Game seed: 1007883271470520005

65 Gagagargyl the Magician (level 4, -5/24 HPs)
             Began as a Gargoyle Hedge Wizard on Apr 25, 2023.
             Slain by a river rat (6 damage)
             ... in a sewer.
             The game lasted 00:04:21 (2990 turns).

Gagagargyl the Magician (Gargoyle Hedge Wizard)     Turns: 2990, Time: 00:04:21

Health: -5/24      AC:  5    Str: 14    XL:     4   Next: 13%
Magic:  1/9        EV: 11    Int: 16    God:
Gold:   48         SH:  0    Dex:  9    Spells: 4/10 levels left

rFire   . . .        a - +0 dagger
rCold   . . .        (no shield)
rNeg    + . .        b - +0 robe
rPois   ∞            c - +0 hat
rElec   +            (no cloak)
rCorr   .            (no gloves)
SInv    .            (no boots)
Will    .....        (no amulet)
Stlth   ++           (no ring)
HPRegen 0.24/turn    (no ring)
MPRegen 0.11/turn

%: no passive effects
@: no status effects
A: sickness immunity, AC +3, negative energy resistance 1, electricity
resistance, torment resistance 1, petrification resistance
a: no special abilities


You were in a sewer.
You visited 1 branch of the dungeon, and saw 3 of its levels.
You also visited: Sewer.

You collected 48 gold pieces.

Inventory:

Hand Weapons
 a - a +0 dagger (weapon)
Armour
 b - a +0 robe (worn)
 c - a +0 hat (worn)
 i - a +0 buckler of reflection
Magical Staves
 l - a staff of earth
Scrolls
 g - 2 scrolls of identify {unknown}
 h - a scroll of poison {unknown}
 k - a scroll of butterflies {unknown}
 o - a scroll of teleportation {unknown}
Potions
 d - a potion of magic
 e - a potion of brilliance {unknown}
 f - a potion of degeneration {unknown}
 j - a potion of might {unknown}
 m - a potion of cancellation {unknown}
 n - a potion of invisibility {unknown}
 p - a potion of mutation {unknown}


   Skills:
 - Level 1.5 Dodging
 - Level 2.1 Stealth
 + Level 3.9 Spellcasting
 * Level 2.6 Conjurations
 - Level 0.8 Summonings
 - Level 0.8 Translocations
 * Level 0.3 Air Magic
 * Level 0.2 Poison Magic


You had 4 spell levels left.
You knew the following spells:

 Your Spells              Type           Power      Damage    Failure   Level
a - Magic Dart            Conj           44%        1d5       5%          1
b - Blink                 Tloc           10%        N/A       19%         2
c - Mephitic Cloud        Conj/Pois/Air  6%         N/A       32%         3

Your spell library contained the following spells:

 Spells                   Type           Power      Damage    Failure   Level
 Slow                     Hex            12%        N/A       17%         1
 Call Imp                 Summ           10%        N/A       19%         2
 Cigotuvi's Dreadful Rot  Necr/Pois/Air  Unusable   N/A       N/A         2

Dungeon Overview and Level Annotations

Branches:
Dungeon (3/15)              Sewer (1/1)

Altars:


Innate Abilities, Weirdness & Mutations

You are immune to sickness and miasma.
Your stone body is resilient. (AC +3)
You are immune to poison.
You resist negative energy. (rN+)
You are resistant to electric shocks. (rElec)
You are resistant to unholy torment.
You are immune to petrification.


Message History

The river rat closely misses you.
The rat splashes around in the water.
Casting: Magic Dart (safe; 5% risk of failure)
Confirm with . or Enter, or press ? or * to list all spells.
Aiming: Magic Dart (safe; 5% risk of failure)
Press: ? - help, Shift-Dir - straight line, f/p - river rat
Aim: a river rat (severely wounded, 100% to hit)
The magic dart hits the river rat but does no damage.
The river rat is severely wounded.
The river rat barely misses you. The rat closely misses you.
You hit the river rat but do no damage.
The river rat is severely wounded.
The river rat misses you. The rat bites you but does no damage.
Your magical contamination has completely faded away.
You hit the river rat but do no damage.
The river rat is severely wounded.
The river rat closely misses you.
The rat splashes around in the water.
You hit the river rat but do no damage.
The river rat is severely wounded.
The river rat barely misses you. The rat bites you but does no damage.
You closely miss the river rat.
The river rat is severely wounded.
The river rat barely misses you. The rat bites you.
* * * LOW HITPOINT WARNING * * *
You barely miss the river rat.
The river rat is severely wounded.
The river rat barely misses you.
The rat splashes around in the water.
You closely miss the river rat.
The river rat is severely wounded.
The river rat bites you.
* * * LOW HITPOINT WARNING * * *
The rat misses you.
You closely miss the river rat.
The river rat is severely wounded.
The river rat bites you.
* * * LOW HITPOINT WARNING * * *
The rat bites you but does no damage.
You barely miss the river rat.
The river rat is severely wounded.
The river rat bites you.
You die...

####
###...###
#~.~.~~~#
##†.~...~#
#~~~###...
##r~##
#@r~#
#~†## #~.#
#∩∩# #~~#
#~~# #~~.
##~~# #~~~


You could see a river rat and a rat.

Vanquished Creatures
  An adder (D:3)
  A river rat (Sewer)
  2 worms
  A dart slug (D:2)
  2 orcs (D:3)
  2 ball pythons
  An endoplasm (D:2)
  4 giant cockroaches
  2 goblins
  4 hobgoblins
  A quokka (D:2)
  5 bats
  5 frilled lizards
  3 kobolds
  5 rats
39 creatures vanquished.

Notes
Turn   | Place    | Note
-------+----------+-------------------------------------------
     0 | D:1      | Gagagargyl the Gargoyle Hedge Wizard began the quest for
                  | the Orb.
     0 | D:1      | Reached XP level 1. HP: 10/10 MP: 4/4
   260 | D:1      | Reached XP level 2. HP: 15/15 MP: 1/6
  1330 | D:2      | Found a faded altar of an unknown god.
  1875 | D:2      | Reached XP level 3. HP: 19/19 MP: 1/8
  1878 | D:2      | Learned a level 2 spell: Blink
  1882 | D:2      | Learned a level 3 spell: Mephitic Cloud
  2702 | D:3      | Found a glowing drain.
  2803 | Sewer    | Entered a sewer
  2846 | Sewer    | Reached XP level 4. HP: 11/24 MP: 1/9
  2989 | Sewer    | HP: 1/24 [river rat (1)]
  2990 | Sewer    | Slain by a river rat

Illustrated notes

Levels and vault maps discovered:
D:1:      erik_arrival_cave_to_civilisation [erik_arrival_cave_to_hall],
          layout_basic, nicolae_figureground_sparkle
D:2:      layout_basic, shapermc_ecumenical_altar_flowoftime
D:3:      layout_basic, cheibrodos_sewer_entry_bend
Sewer:    sewer_hellmonk_bad_rat

Skill      XL: |  1  2  3 |
---------------+----------+-----
Conjurations   | 2 |  2.6
Dodging        | |  1.5
Stealth        | |  2.1
Spellcasting   | |  3.9
Summonings     | |  0.8
Translocations | |  0.8
Air Magic      | |  0.3
Poison Magic   | |  0.2

Action                     |  1- 3 |  4- 6 || total
---------------------------+-------+-------++-------
  Melee: Dagger            |    70 |     9 ||    79
   Cast: Magic Dart        |   130 |    14 ||   144
    Use: Potion            |     1 |       ||     1
 Armour: Robe              |    23 |     6 ||    29
  Dodge: Dodged            |    63 |    21 ||    84

Table legend: (Time is in decaauts)
 A = Elapsed time spent in this place.
 B = Non-inter-level travel time spent in this place.
 C = Inter-level travel time spent in this place.
 D = Time resting spent in this place.
 E = Time spent auto-exploring this place.
 F = Levels seen in this place.
 G = Mean time per level.
                   A        B        C        D        E       F      G
               +--------+--------+--------+--------+--------+-----+--------+
         Total |   3002 |   2828 |    174 |    628 |   1614 |   4 |  750.5 |
       Dungeon |   2809 |   2635 |    174 |    519 |   1614 |   3 |  936.3 |
         Sewer |    193 |    193 |      0 |    109 |      0 |   1 |  193.0 |
               +--------+--------+--------+--------+--------+-----+--------+

Top non-repeatable levels by time:
     D:2: 1293 daAuts
     D:1: 1207 daAuts
     D:3: 308 daAuts
   Sewer: 193 daAuts
